 Dungeon Crawl Stone Soup version 0.31-a0-549-gf98fd537a9 (webtiles) character file.

Game seed: 12140854396842562288

130 Ethylacetat the Ducker (level 5, -2/36 HPs)
             Began as an Octopode Gladiator on Aug 16, 2023.
             Slain by Grinder (5 damage)
             ... on level 3 of the Dungeon.
             The game lasted 00:02:02 (1845 turns).

Ethylacetat the Ducker (Octopode Gladiator)         Turns: 1845, Time: 00:02:03

Health: -2/36      AC:  1    Str: 13    XL:     5   Next: 14%
Magic:  5/5        EV: 14    Int: 10    God:
Gold:   138        SH:  0    Dex: 16    Spells: 4/4 levels left

rFire   . .          .
                       - Unarmed
rCold   . . .        (no shield)
rNeg    . . .        a - +0 hat
rPois   .            (no amulet)
rElec   .            (no ring)
rCorr   .            (no ring)
SInv    .            (no ring)
Will    .....        (no ring)
Stlth   ++           (no ring)
HPRegen 0.26/turn    (no ring)
MPRegen 0.09/turn    (no ring)
                     (no ring)

%: no passive effects
@: no status effects
A: almost no armour, amphibious, 8 rings, camouflage 1, gelatinous body 1,
(nimble swimmer 1), tentacles
a: no special abilities


You were on level 3 of the Dungeon.
You visited 1 branch of the dungeon, and saw 3 of its levels.

You collected 138 gold pieces.

Inventory:

Missiles
 b - 3 throwing nets (quivered)
 c - a javelin
Armour
 a - a +0 hat (worn)
Scrolls
 d - 2 scrolls of identify {unknown}
 f - a scroll of blinking {unknown}
 g - a scroll of fog {unknown}
 h - a scroll of fear {unknown}
Potions
 e - 2 potions of magic {unknown}


   Skills:
 + Level 3.4 Fighting
 - Level 2.0 Throwing
 + Level 4.0 Dodging
 + Level 4.0 Unarmed Combat


You had 4 spell levels left.
You didn't know any spells.
Your spell library was empty.

Dungeon Overview and Level Annotations

Branches:
Dungeon (3/15)

Altars:

Annotations:
D:3 Grinder


Innate Abilities, Weirdness & Mutations

You cannot wear most types of armour.
You are amphibious.
You can wear up to eight rings at the same time.
Your skin changes colour to match your surroundings (Stealth+).
Your rubbery body absorbs attacks. (AC +1, EV +1)
((You are camouflaged when in or above water. (Stealth+)))
You have tentacles for arms and can constrict up to eight enemies at once.


Message History

You suddenly lose the ability to move!
Grinder grins, showing sharp teeth.
You can move again.
You barely miss Grinder. You grab Grinder.
You squeeze Grinder, but do no damage. You constrict Grinder.
You barely miss Grinder. You squeeze Grinder!
Grinder is moderately wounded.
You constrict Grinder, but do no damage.
Grinder struggles to blink free from constriction.
You tentacle-slap Grinder. You squeeze Grinder, but do no damage.
Grinder is moderately wounded.
You constrict Grinder, but do no damage.
Grinder gestures at you.
You suddenly lose the ability to move!
You lose your grip on Grinder.
Grinder hits you!
You writhe in agony.
Grinder hits you but does no damage.
Grinder says, "I used to sell toenails on the black market."
Grinder hits you!
You writhe in agony.
Grinder hits you!
* * * LOW HITPOINT WARNING * * *
You can move again.
You are too injured to fight recklessly!
Unknown command.
You are too injured to fight recklessly!
You are too injured to fight recklessly!
You are too injured to fight recklessly!
Okay, then.
You tentacle-slap Grinder. Your grab misses Grinder.
Grinder is heavily wounded.
Grinder closely misses you.
You tentacle-slap Grinder. Your grab misses Grinder.
Grinder is heavily wounded.
Grinder barely misses you.
You tentacle-slap Grinder but do no damage.
Your grab misses Grinder.
Grinder is heavily wounded.
Grinder hits you.
* * * LOW HITPOINT WARNING * * *
You writhe in agony.
You die...

.......
#<.........#
#..........#
..........#
##........##
#..........#
#...(.....$#
#<.........#
#...@5.....#
#...........
#............##
...############
#.# .


You could see Grinder.

Vanquished Creatures
  Natasha (thrice) (D:2)
  2 adders (D:2)
  2 worms (D:2)
  2 dart slugs (D:2)
  2 endoplasms (D:2)
  2 goblins (D:1)
  2 hobgoblins
  4 jackals (D:1)
  3 kobolds (D:2)
  2 ball pythons
  3 bats
  3 frilled lizards (D:1)
  3 rats
33 creatures vanquished.

Notes
Turn   | Place    | Note
-------+----------+-------------------------------------------
     0 | D:1      | Ethylacetat the Octopode Gladiator began the quest for the
                  | Orb.
     0 | D:1      | Reached XP level 1. HP: 14/14 MP: 1/1
    73 | D:1      | Reached XP level 2. HP: 5/19 MP: 2/2
   787 | D:2      | Reached XP level 3. HP: 19/25 MP: 3/3
   935 | D:2      | Noticed Natasha
   942 | D:2      | Killed Natasha
  1013 | D:2      | Reached XP level 4. HP: 25/31 MP: 4/4
  1037 | D:2      | Found a faded altar of an unknown god.
  1239 | D:2      | Noticed Natasha
  1250 | D:2      | Killed Natasha
  1374 | D:2      | Noticed Natasha
  1381 | D:2      | Killed Natasha
  1382 | D:2      | Reached XP level 5. HP: 34/36 MP: 5/5
  1829 | D:3      | Noticed Grinder
  1832 | D:3      | Paralysed by Grinder for 4 turns
  1838 | D:3      | Paralysed by Grinder for 4 turns
  1845 | D:3      | Slain by Grinder

Illustrated notes

Levels and vault maps discovered:
D:1:      giann_horns, layout_basic
D:2:      layout_loops_ring, ebering_ecumenical_altar_webs, uniq_natasha
D:3:      layout_rooms, bloody_makhleb, kennysheep_cluttered_room,
          kennysheep_generic_room_2, uniq_terence, uniq_sigmund, uniq_grinder,
          uniq_jessica, uniq_robin

Skill      XL: |  1  2  3  4 |
---------------+-------------+-----
Fighting       | 3 |  3.4
Dodging        | 4 |  4.0
Unarmed Combat | 4 |  4.0
Throwing       | |  2.0

Action                     |  1- 3 |  4- 6 || total
---------------------------+-------+-------++-------
  Melee: Unarmed           |    54 |    27 ||    81
         Constrict         |    13 |     6 ||    19
         Tentacles         |     9 |     9 ||    18
   Stab: Sleeping          |     2 |     4 ||     6
 Armour: Skin              |     3 |     1 ||     4
  Dodge: Dodged            |    27 |     9 ||    36

Table legend: (Time is in decaauts)
 A = Elapsed time spent in this place.
 B = Non-inter-level travel time spent in this place.
 C = Inter-level travel time spent in this place.
 D = Time resting spent in this place.
 E = Time spent auto-exploring this place.
 F = Levels seen in this place.
 G = Mean time per level.
                   A        B        C        D        E       F      G
               +--------+--------+--------+--------+--------+-----+--------+
         Total |   1856 |   1561 |    295 |      0 |   1277 |   3 |  618.7 |
       Dungeon |   1856 |   1561 |    295 |      0 |   1277 |   3 |  618.7 |
               +--------+--------+--------+--------+--------+-----+--------+

Top non-repeatable levels by time:
     D:2: 1168 daAuts
     D:1: 672 daAuts
     D:3: 15 daAuts
